 Dungeon Sprint DCSS version 0.26-a0-663-g36e8fdb655 (webtiles) character file.

Game seed: 9162435294076477493

95 Conn the Magician (level 4, -4/40 HPs)
             Began as an Octopode Hedge Wizard on Oct 10, 2020.
             Was a Follower of Sif Muna.
             Slain by a two-headed ogre
             ... wielding a +0 giant club
              (13 damage)
             ... in the Dungeon (Sprint V: "Ziggurat Sprint").
             The game lasted 00:02:49 (91 turns).

Conn the Magician (Octopode Hedge Wizard)             Turns: 91, Time: 00:02:50

Health: -4/40      AC:  4    Str: 21    XL:     4   Next: 66%
Magic:  8/13       EV: 16    Int: 29    God:    Sif Muna [*.....]
Gold:   0          SH:  0    Dex: 23    Spells: 12/17 levels left

rFire    + . .     SeeInvis .   a - +8 lance "Wyrmbane" {slay drac, rPois rF+ rC+ AC+3}
rCold    + . .     Faith    .   (no shield)
rNeg     . . .     Spirit   .   H - +0 hat
rPois    +         Reflect  .   (no amulet)
rElec    .         Harm     .   y - +6 ring of dexterity
rCorr    .         Rampage  .   z - +6 ring of dexterity
MR       .....     NoTele   +   A - +6 ring of intelligence
Stlth    ..........             B - +6 ring of intelligence
HPRegen  0.13/turn              C - +6 ring of strength
MPRegen  0.13/turn              D - +6 ring of strength
                                (no ring)
                                (no ring)

@: berserking (expiring), very slightly contaminated, invisible, very quick
A: almost no armour, stealthy swim, amphibious, 8 rings, constrict 8, camouflage
1, gelatinous body 1
a: Channel Magic, Renounce Religion


You were in the Dungeon.
You worshipped Sif Muna.
Sif Muna was aware of your devotion.
You visited 1 branch

Inventory:

Hand Weapons
 a - the +8 lance "Wyrmbane" (weapon) {slay drac, rPois rF+ rC+ AC+3}
   (You found it in the Dungeon)

   It affects your AC (+3).
   It protects you from fire.
   It protects you from cold.
   It protects you from poison.
 b - a +0 short sword of protection
 F - the +7 great mace "Firestarter" {inner flame, rF++}
   (You found it in the Dungeon)

   It has been specially enchanted to burn those struck by it, causing extra
   injury to most foes and up to half again as much damage against particularly
   susceptible opponents.
   It greatly protects you from fire.
 G - a +0 dagger
Armour
 E - the +18 shield of the Gong {rElec rN+ MR+ EV-5}
   (You found it in the Dungeon)

   It affects your evasion (-5).
   It insulates you from electricity.
   It protects you from negative energy.
   It affects your resistance to hostile enchantments.
 H - a +0 hat (worn)
Jewellery
 x - an uncursed ring of flight
 y - a +6 ring of dexterity (left tentacle)
 z - a +6 ring of dexterity (right tentacle)
 A - a +6 ring of intelligence (on tentacle)
 B - a +6 ring of intelligence (on tentacle)
 C - a +6 ring of strength (on tentacle)
 D - a +6 ring of strength (on tentacle)
Wands
 u - a wand of disintegration (7)
 v - a wand of iceblast (7)
 w - a wand of acid (7)
Scrolls
 i - 4 scrolls of blinking
 o - 4 scrolls of amnesia
 p - 7 scrolls of fog
 q - a scroll of holy word
 r - 5 scrolls of identify
 s - 5 scrolls of remove curse
 t - 2 scrolls of fear
Potions
 c - 2 potions of brilliance
 d - 10 potions of curing
 e - 10 potions of heal wounds
 f - 6 potions of haste
 g - 7 potions of magic
 h - 2 potions of berserk rage
 j - a potion of invisibility
 k - 4 potions of resistance
 l - a potion of experience
 m - 5 potions of stabbing
 n - 5 potions of might


   Skills:
 + Level 0.7 Fighting
 + Level 1.4 Polearms
 + Level 3.6 Dodging
 + Level 5.2 Stealth
 + Level 7.2 Spellcasting
 + Level 1.1 Conjurations
 + Level 1.2 Summonings
 + Level 1.0 Translocations


You had 12 spell levels left.
You knew the following spells:

 Your Spells              Type           Power        Failure   Level
a - Magic Dart            Conj           ###.         3%          1
b - Blink                 Tloc           N/A          4%          2
c - Call Imp              Summ           ###.....     4%          2

Your spell library contained the following spells:

 Spells                   Type           Power        Failure   Level
 Slow                     Hex            ##......     8%          2
 Conjure Flame            Conj/Fire      ##......     12%         3
 Mephitic Cloud           Conj/Pois/Air  ##......     13%         3


Dungeon Overview and Level Annotations

Branches:
Dungeon (1/1)

Altars:
Ashenzari
Cheibriados
Dithmenos
Elyvilon
Fedhas
Gozag
Hepliaklqana
Kikubaaqudgha
Makhleb
Nemelex Xobeh
Okawaru
Qazlal
Ru
Sif Muna
Trog
Uskayaw
Vehumet
Wu Jian
Xom
Yredelemnul
Zin
The Shining One
Beogh
Jiyva
Lugonu

Annotations:
D 1 transporter


Innate Abilities, Weirdness & Mutations

You cannot wear most types of armour.
You are very stealthy in the water. (Stealth+)
You are amphibious.
You can wear up to eight rings at the same time.
You can use your tentacles to constrict eight enemies at once.
Your skin changes colour to match your surroundings (Stealth+).
Your rubbery body absorbs attacks. (AC +1, EV +1)


Message History

You can now call upon Sif Muna for magical energy.
Your Polearms skill increases to level 1!
Your Dodging skill increases to level 3!
Your Stealth skill gained 2 levels and is now at level 5!
Your Spellcasting skill gained 3 levels and is now at level 7!
You have reached level 3!
Your experience leads to an increase in your attributes!
Your base attributes are Str 9, Int 16, Dex 11.
Increase (S)trength, (I)ntelligence, or (D)exterity?
You feel clever.
You have reached level 4!
There is a transporter landing site here.
You catch the helpless two-headed ogre completely off-guard!
You puncture the two-headed ogre!
The two-headed ogre is severely wounded.
You barely miss the two-headed ogre.
The two-headed ogre is severely wounded.
The two-headed ogre barely misses you.
The two-headed ogre hits you with a +0 giant club!
You die...

▓▓▓▓▓▓▓▓▓▓▓▓▓
▓.8©8.▓.8©8.▓
▓.[|[.▓.....▓
▓.....▓...[.▓
▓.....▓.†...▓
▓...O.▓.....▓
▓...O.▓..©..▓
▓..@..▓▓▓▓▓▓▓
▓▓▓▓▓▓▓


You could see a two-headed ogre and an ogre.

Vanquished Creatures
  An ogre (D)
  An adder (D)
  A ball python (D)
3 creatures vanquished.

Notes
Turn   | Place    | Note
-------+----------+-------------------------------------------
     0 | D        | Conn the Octopode Hedge Wizard began the quest for the Orb.
     0 | D        | Reached XP level 1. HP: 11/11 MP: 4/4
     0 | D        | Found a shimmering blue altar of Sif Muna.
     0 | D        | Found a sacrificial altar of Ru.
     0 | D        | Found a bloodstained altar of Trog.
     0 | D        | Found a stormy altar of Qazlal.
     0 | D        | Found an iron altar of Okawaru.
     0 | D        | Found a sparkling altar of Nemelex Xobeh.
     0 | D        | Found a blossoming altar of Fedhas.
     0 | D        | Banished a spatial maelstrom
     1 | D        | Found the +6 Majin-Bo {vamp, MP+6 Int+6}
     1 | D        | Found the +9 heavy crossbow "Sniper" {vorpal, Acc+∞ SInv}
     1 | D        | Found the +10 dark maul {vorpal}
     1 | D        | Found the +15 Maxwell's patent armour {-Cast -Tele rElec
                  | MR+ rCorr}
     1 | D        | Found the +18 shield of the Gong {rElec rN+ MR+ EV-5}
     1 | D        | Found the cursed +14 obsidian axe {vorpal, +Fly SInv
                  | *Curse}
     1 | D        | Found the +7 great mace "Firestarter" {inner flame, rF++}
     1 | D        | Found the +6 shillelagh "Devastator" {shatter}
     1 | D        | Found the +11 plutonium sword {*Contam Stlth-}
     1 | D        | Found the +8 lance "Wyrmbane" {slay drac, rPois rF+ rC+
                  | AC+3}
     1 | D        | Found the +9 sword of Zonguldrok {reap}
     1 | D        | Found the cursed +13 scythe of Curses {drain, *Curse}
     1 | D        | Found the +0 sword of Power
     1 | D        | Found the +7 mace of Variability {chain chaos}
     1 | D        | Found the +7 Singing Sword {vorpal, sonic wave}
     1 | D        | Found the +8 storm bow {elec, penet}
     2 | D        | Found a transporter.
     2 | D        | Found an ancient bone altar of Kikubaaqudgha.
     2 | D        | Found a viscous altar of Jiyva.
     2 | D        | Found a corrupted altar of Lugonu.
     2 | D        | Found a hazy altar of Hepliaklqana.
     2 | D        | Found a burning altar of Makhleb.
     2 | D        | Found an opulent altar of Gozag.
    30 | D        | Became a worshipper of Sif Muna the Loreminder
    48 | D        | Entered arena 2.
    48 | D        | Found a transporter.
    53 | D        | Reached skill level 4 in Spellcasting
    53 | D        | Reached XP level 2. HP: 17/17 MP: 5/7
    77 | D        | Learned a level 2 spell: Blink
    80 | D        | Learned a level 2 spell: Call Imp
    80 | D        | Entered arena 3.
    80 | D        | Noticed a two-headed ogre
    80 | D        | Noticed an ogre
    80 | D        | Noticed an ogre
    80 | D        | Found a transporter.
    88 | D        | Killed an ogre
    88 | D        | Reached * piety under Sif Muna
    88 | D        | Reached skill level 1 in Polearms
    88 | D        | Reached skill level 5 in Stealth
    88 | D        | Reached skill level 7 in Spellcasting
    88 | D        | Reached XP level 3. HP: 7/22 MP: 7/11
    88 | D        | Reached XP level 4. HP: 8/27 MP: 8/13
    91 | D        | Slain by a two-headed ogre

Illustrated notes

Levels and vault maps discovered:
D:        sprint_v [room_start, room_1, room_2, room_3, room_4, room_5, room_6,
          room_7, room_8, room_9, room_10, room_11, room_12, room_13, room_14,
          room_15, room_16, room_17, room_18, room_19, room_20, room_21,
          room_22, room_23, room_24, room_25, room_26, room_27]

Skill      XL: |  1  2 |
---------------+-------+-----
Stealth        | 3 5 |  5.2
Spellcasting   | 4 7 |  7.2
Polearms       | 1 |  1.4
Dodging        | 3 |  3.6
Fighting       | |  0.7
Conjurations   | |  1.1
Summonings     | |  1.2
Translocations | |  1.0

Action                   |  1- 3 |  4- 6 || total
-------------------------+-------+-------++-------
Melee: Lance             |     9 |     2 ||    11
       Constrict         |     1 |       ||     1
       Tentacles         |     1 |       ||     1
  Use: Potion            |     2 |       ||     2
 Stab: Sleeping          |     2 |       ||     2
       Invisible         |     1 |     1 ||     2
Dodge: Dodged            |     4 |     1 ||     5

Table legend: (Time is in decaauts)
 A = Elapsed time spent in this place.
 B = Non-inter-level travel time spent in this place.
 C = Inter-level travel time spent in this place.
 D = Time resting spent in this place.
 E = Time spent auto-exploring this place.
 F = Levels seen in this place.
 G = Mean time per level.
                   A        B        C        D        E       F      G
               +--------+--------+--------+--------+--------+-----+--------+
         Total |     84 |     84 |      0 |      6 |      0 |   1 |   84.0 |
       Dungeon |     84 |     84 |      0 |      6 |      0 |   1 |   84.0 |
               +--------+--------+--------+--------+--------+-----+--------+

Top non-repeatable levels by time:
       D: 84 daAuts
